[Event "Team 45 45 League T24"]
[Site "Internet Chess Club"]
[Date "2004.10.07"]
[Round "5"]
[White "Stanleyh"]
[Black "Ciclamino"]
[Result "0-1"]
[WhiteElo "1413"]
[BlackElo "1577"]
[TimeControl "2700+45"]

1. e4 c6 2. d4 d5 3. e5 Bf5 4. c3 e6 5. Nd2 c5 6. Ngf3 Nc6 7. b3 cxd4 8. cxd4
Bb4 9. Bb2 Nge7 10. a3 Ba5 11. b4 Bb6 12. Nb3 O-O 13. Be2 Rc8 14. O-O Ng6 15.
Nc5 Bxc5 16. bxc5 b6 17. Rc1 bxc5 18. Rxc5 f6 19. Bd3 fxe5 20. dxe5 Bxd3 21.
Qxd3 Ncxe5 22. Qd4 Nxf3+ 23. gxf3 Qg5+ 24. Kh1 Nh4 25. Qxg7+ Qxg7 26. Bxg7 Kxg7
27. Rg1+ Kf6 28. Ra5 Rf7 29. Rg4 Rc1+ 30. Rg1 Rxg1+ 31. Kxg1 Nxf3+ 32. Kg2 Ke5
33. h3 Nd4 34. a4 Nc6 35. Ra6 Rc7 36. f3 d4 37. Kf2 Nb4 38. Ra5+ Kf4 39. Ke2 d3+
40. Kd1 Kxf3 41. Rb5 Nd5 42. Rb3 Ke3 43. Ra3 Nc3+ 44. Rxc3 Rxc3 45. Ke1 Rc1#
{White checkmated} 0-1

[Event "Team 45 45 League T24"]
[Site "Internet Chess Club"]
[Date "2004.10.08"]
[Round "5"]
[White "SeniorCitizen"]
[Black "rgadoury"]
[Result "0-1"]
[WhiteElo "1408"]
[BlackElo "1419"]
[TimeControl "2700+45"]

1. e4 e6 2. d4 d5 3. exd5 exd5 4. Nf3 Nf6 5. Nc3 c6 6. Be2 Be7 7. O-O O-O 8. Be3
Re8 9. Ne5 Nbd7 10. Kh1 Nxe5 11. dxe5 Ne4 12. Nxe4 dxe4 13. Qxd8 Bxd8 14. Rad1
h6 15. f3 Bf5 16. f4 Bb6 17. Bxb6 axb6 18. a3 b5 19. c3 g6 20. g4 Be6 21. Rd4
Bd5 22. h4 Ra4 23. Rd2 e3+ {White resigns} 0-1

[Event "Team 45 45 League T24"]
[Site "Internet Chess Club"]
[Date "2004.10.09"]
[Round "5"]
[White "jericho121"]
[Black "KingKrusher"]
[Result "1-0"]
[WhiteElo "1544"]
[BlackElo "1313"]
[TimeControl "2700+45"]

1. e4 e5 2. Nf3 Nc6 3. Bb5 f5 4. Nc3 Nf6 5. d3 a6 6. Bxc6 dxc6 7. Nxe5 Bd6 8.
Nf3 O-O 9. e5 Re8 10. d4 Bb4 11. O-O Nd5 12. Nxd5 cxd5 13. Bd2 Be7 14. Re1 Be6
15. Qc1 Rf8 16. Bg5 b6 17. Bxe7 Qxe7 18. Ng5 c5 19. Nxe6 Qxe6 20. c3 g5 21.
Qxg5+ Kh8 22. Re3 Rg8 23. Qf6+ Qxf6 24. exf6 cxd4 25. cxd4 Rg4 26. f7 Rg7 27.
Re8+ {Black resigns} 1-0

[Event "Team 45 45 League T24"]
[Site "Internet Chess Club"]
[Date "2004.10.10"]
[Round "5"]
[White "POOKE"]
[Black "allanmckie"]
[Result "1-0"]
[WhiteElo "1414"]
[BlackElo "1298"]
[TimeControl "2700+45"]

1. e4 e5 2. Nf3 d6 3. Bc4 c5 4. Bd5 Nf6 5. Ng5 Nxd5 6. exd5 Qxg5 7. d3 Qxg2 8.
Rf1 Bg4 9. Qd2 Qxh2 10. Nc3 Bh3 11. Nb5 Na6 12. Qe2 Bxf1 13. Qxf1 Be7 14. Be3
O-O 15. O-O-O Qh4 16. f4 exf4 17. Bxf4 Bg5 18. Bxg5 Qxg5+ 19. Kb1 Qxd5 20. c4
Rae8 21. cxd5 Nb4 22. Nxd6 Re5 23. Qf3 Nxd5 24. Nxb7 Rfe8 25. Nxc5 Nb4 26. a3
Re3 27. Qf1 Nd5 28. Ne4 g6 29. Ng5 f5 30. Qh1 Nf6 31. Nh3 h6 32. Nf4 Ng4 33.
Qd5+ Kh7 34. Qf7+ Kh8 35. Nxg6# {Black checkmated} 1-0

[Event "Team 45 45 League T24"]
[Site "Internet Chess Club"]
[Date "2004.10.08"]
[Round "5"]
[White "Kurtosis"]
[Black "SandiaCaveMan"]
[Result "1-0"]
[WhiteElo "1284"]
[BlackElo "1269"]
[TimeControl "2700+45"]

1. d4 e6 2. Nf3 Nf6 3. e3 b6 4. Bd3 Bb7 5. O-O d5 6. Nbd2 Nbd7 7. c3 Ne4 8. Qc2
f5 9. c4 Rc8 10. cxd5 Bxd5 11. Nxe4 fxe4 12. Bxe4 Bxe4 13. Qxe4 Qf6 14. Qb7 Qd8
15. Qxa7 c6 16. Qa4 b5 17. Qd1 Nf6 18. Ne5 Be7 19. a4 bxa4 20. Rxa4 O-O 21. b3
Nd5 22. Ra6 Nb6 23. Ba3 Bxa3 24. Rxa3 Ra8 25. Rxa8 Qxa8 26. Qc2 Rc8 27. Rc1 Qb7
28. Nxc6 Kf8 29. Qc5+ Ke8 30. Qb5 Kf8 31. Rc5 Ra8 32. f3 Ra1+ 33. Kf2 Ra2+ 34.
Ke1 Qa8 35. Qxb6 Ra1+ 36. Kd2 Qa2+ 37. Kc3 Rc1+ 38. Kb4 Rb1 39. Qd8+ Kf7 40.
Qe7+ Kg6 41. Rg5+ Kh6 42. Qxg7# {Black checkmated} 1-0

[Event "Team 45 45 League T24"]
[Site "Internet Chess Club"]
[Date "2004.10.10"]
[Round "5"]
[White "WannaB"]
[Black "DayDream01"]
[Result "0-1"]
[WhiteElo "1128"]
[BlackElo "1109"]
[TimeControl "2700+45"]

1. e4 Nf6 2. Nc3 e5 3. Bc4 Bc5 4. d3 c6 5. Nf3 Ng4 6. O-O Bxf2+ 7. Rxf2 Nxf2 8.
Kxf2 Qf6 9. Kg1 O-O 10. Bg5 Qd6 11. a3 Na6 12. d4 b5 13. Bb3 Re8 14. dxe5 Qxd1+
15. Rxd1 Nc5 16. Be3 Nxb3 17. cxb3 Ba6 18. Rxd7 Bc8 19. Rd6 Be6 20. b4 a5 21.
Rxc6 axb4 22. axb4 Bc4 23. Bd4 Ra1+ 24. Kf2 Rb1 25. Kg3 Rxb2 26. Nxb5 Bxb5 27.
Bxb2 Bxc6 28. Kf4 g6 29. Nd4 Bb7 30. b5 h6 31. h4 f5 32. exf6 Rxe4+ 33. Kg3 h5
34. b6 Rg4+ 35. Kh3 Rxg2 36. Bc3 Rf2 37. Nb5 Rf5 38. Nd6 Rf3+ 39. Kg2 Rxc3+ 40.
Nxb7 Rb3 41. Nc5 Rxb6 42. Ne4 Kf7 43. Kg3 Ke6 44. Kf4 Rb5 45. Ng5+ Kxf6 46. Nh7+
Kg7 47. Ng5 Rb4+ 48. Kg3 Kf6 49. Nh7+ Kf5 50. Ng5 Rg4+ 51. Kh3 Rxg5 52. hxg5
Kxg5 53. Kg3 h4+ 54. Kh3 Kh5 55. Kh2 g5 56. Kh3 g4+ 57. Kh2 Kg5 58. Kg2 Kf4 59.
Kf2 h3 60. Kg1 g3 61. Kh1 Kf3 62. Kg1 h2+ 63. Kh1 g2+ 64. Kxh2 Kf2 {White
resigns} 0-1

[Event "Team 45 45 League T24"]
[Site "Internet Chess Club"]
[Date "2004.10.08"]
[Round "5"]
[White "Girlprodigy"]
[Black "SilverKnight"]
[Result "1/2-1/2"]
[WhiteElo "1381"]
[BlackElo "1309"]
[TimeControl "2700+45"]

1. e4 d6 2. d4 Nf6 3. Nf3 Nxe4 4. Bd3 Nf6 5. O-O g6 6. Bg5 Bg7 7. c3 O-O 8. Nbd2
c5 9. dxc5 dxc5 10. Be2 Nc6 11. Re1 Qc7 12. Bh4 Rd8 13. Bg3 Qb6 14. Qc1 Bh6 15.
h3 Ne4 16. Rd1 Nxg3 17. fxg3 c4+ 18. Kh2 Rd5 19. Bxc4 {Game drawn by mutual
agreement} 1/2-1/2

[Event "Team 45 45 League T24"]
[Site "Internet Chess Club"]
[Date "2004.10.09"]
[Round "5"]
[White "fuzzface"]
[Black "CTIGuy"]
[Result "1-0"]
[WhiteElo "1340"]
[BlackElo "1066"]
[TimeControl "2700+45"]

1. e4 e5 2. Nf3 Nc6 3. c4 Bc5 4. Nc3 Qf6 5. d3 h6 6. Nd5 Qd8 7. Be3 Nd4 8. b4
Bd6 9. Nxd4 exd4 10. Bxd4 Qg5 11. Be3 Qe5 12. Bf4 Bxb4+ 13. Bd2 Bxd2+ 14. Kxd2
Qd4 15. Ne3 Qb2+ 16. Nc2 Qd4 17. Nxd4 Nf6 18. h3 c5 19. Nb5 O-O 20. Nd6 b5 21.
Nxb5 a6 22. Nd6 a5 23. Qf3 Ra6 24. Nxc8 Rxc8 25. Rb1 a4 26. Rb7 d6 27. Be2 a3
28. Qf5 Rd8 29. Rhb1 g6 30. Qf4 Raa8 31. Qxf6 Rf8 32. Qxd6 h5 33. Rb8 Kg7 34.
Qe5+ Kh6 35. Qf4+ Kg7 36. Rxf8 Rxf8 37. Rb8 f5 38. Qe5+ Kh7 39. Rxf8 h4 40. Qh8#
{Black checkmated} 1-0

[Event "Team 45 45 League T24"]
[Site "Internet Chess Club"]
[Date "2004.10.11"]
[Round "5"]
[White "littleboo"]
[Black "klt713"]
[Result "1-0"]
[WhiteElo "1230"]
[BlackElo "1202"]
[TimeControl "2700+45"]

1. e4 c5 2. Nf3 e6 3. Bc4 a6 4. O-O b5 5. Be2 Nc6 6. d4 Qc7 7. Nc3 Nxd4 8. Nxd4
cxd4 9. Qxd4 Ne7 10. Rd1 Nc6 11. Qe3 Nb4 12. Bd3 Bd6 13. h3 O-O 14. Bd2 Bc5 15.
Qf3 Bb7 16. a3 Nc6 17. g3 Ne5 18. Qf4 Bd6 19. Qe3 Qc6 20. g4 Nxd3 21. cxd3 Bc7
22. Rac1 Qd6 23. d4 Qh2+ 24. Kf1 Rfe8 25. Rc2 Rac8 26. Rdc1 d5 27. e5 Bb6 28. b4
Rc4 29. Qf3 Rxd4 30. Be3 Rd3 31. Re2 Rc8 32. Rec2 Qxe5 33. Nxd5 Rxc2 34. Ne7+
Kf8 35. Qxb7 Rxc1+ 36. Bxc1 Rd1+ 37. Kg2 Ke8 38. Qxb6 Kxe7 39. Be3 Qe4+ 40. f3
Qc2+ 41. Kg3 Qb3 42. Bc5+ Kf6 43. Qxa6 Rd3 44. Qb7 Qxa3 45. Qe7+ Kg6 46. Qb7 e5
47. Qe4+ Kh6 48. Qf5 g6 49. Bf8# {Black checkmated} 1-0

[Event "Team 45 45 League T24"]
[Site "Internet Chess Club"]
[Date "2004.10.07"]
[Round "5"]
[White "ffplayer"]
[Black "gk999"]
[Result "0-1"]
[WhiteElo "1026"]
[BlackElo "1333"]
[TimeControl "2700+45"]

1. d4 d5 2. c4 dxc4 3. Nc3 c6 4. Nf3 Nd7 5. Bg5 h6 6. Bh4 Qc7 7. Bg3 Qa5 8. e3
b5 9. a4 b4 10. Ne4 b3+ 11. Ned2 e6 12. Bxc4 Ba6 13. O-O Nb6 14. Bxa6 Qxa6 15.
a5 Nd5 16. Nxb3 Bb4 17. Qc2 Nge7 18. Ne5 Qc8 19. Nd3 O-O 20. Nbc5 a6 21. Bd6 Re8
22. Bxe7 Rxe7 23. Ra4 Rb8 24. e4 Bxc5 25. dxc5 Nc7 26. b4 Nb5 27. Raa1 Nd4 28.
Qc4 e5 29. f4 Ne2+ 30. Kh1 exf4 31. Nxf4 Nxf4 32. Rxf4 Qc7 33. Raf1 Rf8 34. Qxa6
Kh8 35. Qc4 Qd7 36. h3 f6 37. Re1 g5 38. Rf5 Qd2 39. Re2 Qd1+ 40. Kh2 Qd7 41. e5
Qc7 42. Kh1 Rfe8 43. Rxf6 Kg7 44. Ref2 Qxe5 45. Qf4 Qxf4 46. R6xf4 gxf4 47. Rxf4
h5 48. Kh2 Kg6 49. Rd4 Kg5 50. Rd6 Rf8 51. Rxc6 h4 52. b5 Re1 53. b6 Rff1 54. g4
Re2# {White checkmated} 0-1

[Event "Team 45 45 League T24"]
[Site "Internet Chess Club"]
[Date "2004.10.10"]
[Round "5"]
[White "camembert"]
[Black "nursey"]
[Result "1-0"]
[WhiteElo "1847"]
[BlackElo "1711"]
[TimeControl "2700+45"]

1. e4 e5 2. f4 exf4 3. Nf3 d5 4. exd5 Nf6 5. Bc4 Qe7+ 6. Be2 Bg4 7. O-O Nxd5 8.
Re1 Nc6 9. Bc4 Be6 10. Bxd5 Qc5+ 11. d4 Qxd5 12. Bxf4 O-O-O 13. c3 Bd6 14. Bxd6
Qxd6 15. Nbd2 Rhe8 16. b4 Ne7 17. a4 Nd5 18. Ne4 Qe7 19. Qd2 Bf5 20. Nc5 Ne3 21.
Qf2 Bg6 22. Ne5 Nc2 23. Qf3 c6 24. Nxg6 Qxe1+ 25. Rxe1 Rxe1+ 26. Kf2 fxg6 27.
Qf7 Rd5 28. Qxb7+ Kd8 29. Qa8+ Ke7 30. Qxa7+ Kf6 31. Nd7+ Kf5 32. Ne5 Ke4 33.
Qe7 Ra1 34. Qh4+ Kf5 35. Qg4+ Kf6 36. Qf4+ Ke7 37. Qf7+ Kd8 38. Nxc6+ Kc8 39.
Ne7+ Kd7 40. Nxd5+ Kc6 41. Qe6+ Kb7 42. Qb6+ Ka8 43. Nc7# {Black checkmated} 1-0

[Event "Team 45 45 League T24"]
[Site "Internet Chess Club"]
[Date "2004.10.10"]
[Round "5"]
[White "GameMaster"]
[Black "jmoffitt"]
[Result "1-0"]
[WhiteElo "1699"]
[BlackElo "1661"]
[TimeControl "2700+45"]

1. d4 Nf6 2. c4 g6 3. Nc3 Bg7 4. Nf3 d6 5. e3 O-O 6. Be2 Nc6 7. d5 Nb8 8. O-O c6
9. Re1 Nh5 10. Nd2 Nf6 11. Nf3 h6 12. Bd3 Nh7 13. Qc2 f5 14. Nh4 Qe8 15. e4 e6
16. exf5 g5 17. fxe6 Nf6 18. Ng6 Ng4 19. Nxf8 Qxf8 20. h3 Ne5 21. Be2 Na6 22.
Bh5 Qe7 23. b3 Nb4 24. Qb1 cxd5 25. cxd5 Ned3 26. Bf7+ Kh8 27. Bb2 Nxb2 28. Qxb2
Nd3 29. Qd2 Nxe1 30. Rxe1 a6 31. Ne4 Be5 32. Ng3 b5 33. Qd3 Bb7 34. Qg6 Bxg3 35.
Qxh6# {Black checkmated} 1-0

[Event "Team 45 45 League T24"]
[Site "Internet Chess Club"]
[Date "2004.10.07"]
[Round "5"]
[White "Lothar"]
[Black "mal57"]
[Result "1-0"]
[WhiteElo "1544"]
[BlackElo "1487"]
[TimeControl "2700+45"]

1. d4 Nf6 2. c4 g6 3. Nc3 Bg7 4. e4 O-O 5. Bg5 d6 6. Be2 c5 7. Nf3 Qb6 8. Qd2
Ng4 9. Nd5 Qa6 10. Nxe7+ Kh8 11. Nd5 Qc6 12. O-O Nd7 13. Rad1 Ndf6 14. h3 Nxe4
15. Qf4 Ngxf2 16. Rxf2 Nxf2 17. Bf6 h6 18. Qxh6+ {Black resigns} 1-0

[Event "Team 45 45 League T24"]
[Site "Internet Chess Club"]
[Date "2004.10.06"]
[Round "5"]
[White "Amauta"]
[Black "Poet-Laureate"]
[Result "1-0"]
[WhiteElo "2001"]
[BlackElo "1879"]
[TimeControl "2700+45"]

1. e4 c6 2. Nf3 d5 3. e5 e6 4. d4 Bb4+ 5. Bd2 Bxd2+ 6. Nbxd2 Nh6 7. Bd3 O-O 8.
h4 Qb6 9. Nb3 Nd7 10. g4 Nxg4 11. Bxh7+ Kh8 12. Bd3 f6 13. Rg1 f5 14. Qd2 a5 15.
Qg5 c5 16. Rxg4 fxg4 17. Qh5+ Kg8 18. Bh7+ Kh8 19. Bg6+ Kg8 20. Qh7# {Black
checkmated} 1-0

[Event "Team 45 45 League T24"]
[Site "Internet Chess Club"]
[Date "2004.10.09"]
[Round "5"]
[White "DidntSeeIt"]
[Black "siddhu"]
[Result "1-0"]
[WhiteElo "1769"]
[BlackElo "1828"]
[TimeControl "2700+45"]

1. e4 e5 2. Nf3 Nc6 3. Bb5 a6 4. Ba4 Nf6 5. O-O b5 6. Bb3 Bc5 7. d3 d6 8. c3 h6
9. Nbd2 Qe7 10. Bc2 Bg4 11. b4 Bb6 12. a4 O-O 13. Nb3 Rfd8 14. Bb2 Ba7 15. Qe2
Nb8 16. d4 exd4 17. cxd4 c6 18. Qd3 Qe6 19. d5 cxd5 20. exd5 Qxd5 21. Bxf6 Qxd3
22. Bxd3 gxf6 23. axb5 Bxf3 24. gxf3 axb5 25. Nd4 Rd7 26. Rfc1 d5 27. Rc8+ Kg7
28. Nf5+ Kg6 29. Rg8+ Kh7 30. Ne7+ f5 31. Bxf5# {Black checkmated} 1-0

[Event "Team 45 45 League T24"]
[Site "Internet Chess Club"]
[Date "2004.10.11"]
[Round "5"]
[White "Lyko"]
[Black "NFK"]
[Result "0-1"]
[WhiteElo "1557"]
[BlackElo "1807"]
[TimeControl "2700+45"]

1. e4 d6 2. d4 Nf6 3. Nc3 g6 4. h3 Bg7 5. Nf3 c5 6. dxc5 Qa5 7. cxd6 Nxe4 8.
dxe7 Bxc3+ 9. bxc3 Qxc3+ 10. Bd2 Nxd2 11. Nxd2 Nc6 12. Bb5 Qe5+ 13. Be2 Nd4 14.
Nc4 Qxe2+ 15. Qxe2 Nxe2 16. Kxe2 Kxe7 17. Rhe1 Be6 18. Kf1 Rac8 19. Ne3 Rhd8 20.
Re2 Kf8 21. Ke1 Rc7 22. Rd2 Rdc8 23. a3 f5 24. Rad1 Ke7 25. Re2 Kf6 26. Rdd2 h5
27. f4 Rc3 28. Rd3 Rxd3 29. cxd3 Rc1+ 30. Kd2 Ra1 31. Nc2 Ra2 32. Kc3 a5 33. Re5
g5 34. Rxa5 gxf4 35. Nd4 Rxg2 36. Nxe6 Kxe6 37. Rb5 f3 38. Rxb7 f2 39. Rb1 Rg1
{White resigns} 0-1

[Event "Team 45 45 League T24"]
[Site "Internet Chess Club"]
[Date "2004.10.10"]
[Round "5"]
[White "SkatingBishop"]
[Black "tjet"]
[Result "1/2-1/2"]
[WhiteElo "1706"]
[BlackElo "1697"]
[TimeControl "2700+45"]

1. e4 d6 2. Nf3 Nf6 3. Nc3 e5 4. d4 exd4 5. Nxd4 a6 6. Bd3 Bg4 7. f3 Bh5 8. O-O
Bg6 9. f4 h6 10. Re1 Be7 11. Kh1 O-O 12. Qf3 c6 13. Qg3 Kh8 14. Ne6 fxe6 15.
Qxg6 Qe8 16. e5 Qxg6 17. Bxg6 Nd5 18. exd6 Bxd6 19. Nxd5 exd5 20. Bd2 Nd7 21. g3
Rad8 22. Bc3 Nf6 23. Re6 Bc5 24. b4 d4 25. Bd2 Bb6 26. Rae1 Nd5 27. Be4 Nf6 28.
Bg6 Nd5 29. Be4 Nf6 30. Bf3 Rfe8 31. Kg2 Rxe6 32. Rxe6 Re8 33. Rd6 Rd8 34. Re6
Re8 35. Rxe8+ Nxe8 36. Bg4 Nd6 37. Be6 c5 38. bxc5 Bxc5 39. Kf3 b6 40. c3 Nb5
41. c4 Nc3 42. Bxc3 dxc3 43. Bf5 Kg8 44. a4 a5 45. h4 Kf7 46. g4 Kf6 47. Bc2 Bd6
48. Ke4 Bc5 49. h5 Bb4 {Game drawn by mutual agreement} 1/2-1/2

[Event "Team 45 45 League T24"]
[Site "Internet Chess Club"]
[Date "2004.10.12"]
[Round "5"]
[White "clarinetref"]
[Black "Grayth"]
[Result "0-1"]
[WhiteElo "1402"]
[BlackElo "1427"]
[TimeControl "2700+45"]

1. Nf3 d5 2. c4 e6 3. b3 Nf6 4. g3 Bd6 5. Bg2 Nc6 6. cxd5 exd5 7. O-O Be6 8. Na3
a6 9. Nc2 Qd7 10. Ng5 O-O-O 11. Nxe6 Qxe6 12. Bb2 h5 13. h4 Rdg8 14. Ne3 g5 15.
hxg5 Rxg5 16. Bxf6 Qxf6 17. Nxd5 Qe6 18. e4 h4 19. Qf3 Nd4 20. Qf6 Ne2+ 21. Kh2
hxg3# {White checkmated} 0-1

[Event "Team 45 45 League T24"]
[Site "Internet Chess Club"]
[Date "2004.10.08"]
[Round "5"]
[White "hotzoddy"]
[Black "jaymel"]
[Result "1-0"]
[WhiteElo "1276"]
[BlackElo "1209"]
[TimeControl "2700+45"]

1. e4 e5 2. Nf3 Nc6 3. Nc3 a6 4. Bc4 Be7 5. d3 h6 6. Be3 d6 7. O-O h5 8. a3 h4
9. h3 Bxh3 10. gxh3 Nf6 11. Ng5 Rf8 12. Qf3 Qd7 13. Nd5 O-O-O 14. Nxe7+ Nxe7 15.
c3 b5 16. Bd5 c6 17. Bb3 d5 18. Bc2 d4 19. cxd4 exd4 20. Bd2 Nfd5 21. exd5 Nxd5
22. Qg4 f6 23. Qxd7+ Rxd7 24. Nf3 g5 25. Kh2 g4 26. hxg4 f5 27. gxf5 Rxf5 28.
Nxh4 Rh7 29. Kh3 Nf4+ 30. Kg4 Rf8 31. Bxf4 Rg7+ 32. Bg5 Rfg8 33. f4 Rd7 34. Bb3
Re8 35. Rae1 Re3 36. Rxe3 dxe3 37. Nf3 Rxd3 38. Be6+ Kb7 39. Re1 Rd6 40. f5 c5
41. Rxe3 Rd1 42. f6 a5 43. f7 Rc1 44. f8=Q b4 45. Qc8+ {Black resigns} 1-0

[Event "Team 45 45 League T24"]
[Site "Internet Chess Club"]
[Date "2004.10.14"]
[Round "5"]
[White "disciple"]
[Black "Mila-Reina"]
[Result "1-0"]
[WhiteElo "1138"]
[BlackElo "1144"]
[TimeControl "2700+45"]

1. d4 Nf6 2. c4 c6 3. Nc3 g6 4. e4 d6 5. Nf3 Bg7 6. Bd3 O-O 7. h3 b6 8. O-O c5
9. e5 Nh5 10. Be4 cxd4 11. Nxd4 Bxe5 12. Nc6 Nxc6 13. Bxc6 Rb8 14. Bf3 Nf4 15.
Ne4 Nxh3+ 16. gxh3 Bxh3 17. Re1 e6 18. Ng5 Bf5 19. Be4 Bxe4 20. Rxe4 Bf6 21. Qg4
h6 22. Nxe6 h5 23. Qg3 Qe7 24. Ng5 Qd8 25. Bf4 Bxb2 26. Rd1 Rb7 27. Qb3 Bf6 28.
c5 Bxg5 29. Bxd6 Re8 30. c6 Qc8 31. cxb7 Qxb7 32. Rxe8+ Kg7 33. Be5+ f6 34. Qg8+
Kh6 35. Qh8+ Qh7 36. Qxh7+ Kxh7 37. Rd7+ Kh6 38. Rh8# {Black checkmated} 1-0

[Event "Team 45 45 League T24"]
[Site "Internet Chess Club"]
[Date "2004.10.10"]
[Round "5"]
[White "Colonel-Klutz"]
[Black "markev"]
[Result "0-1"]
[WhiteElo "1396"]
[BlackElo "1315"]
[TimeControl "2700+45"]

1. e4 c6 2. d4 d5 3. Nc3 e6 4. Nf3 Bb4 5. e5 h6 6. Bd3 a6 7. O-O Ne7 8. Bd2 Ba5
9. a3 Bb6 10. b4 Ba7 11. Na4 b5 12. Nc5 O-O 13. c3 Bb6 14. Qc1 a5 15. Bxh6 g6
16. Qg5 Nf5 17. Qf6 Nxh6 18. Ng5 Qxf6 19. exf6 Bxc5 20. bxc5 Ng4 21. Nf3 Nxf6
22. Ne5 Kg7 23. h3 Nfd7 24. Nf3 f6 25. g4 e5 26. g5 e4 27. gxf6+ Nxf6 28. Bxe4
dxe4 29. Ne5 Bxh3 30. Rfe1 Ng4 31. Rxe4 Nxf2 {White resigns} 0-1

[Event "Team 45 45 League T24"]
[Site "Internet Chess Club"]
[Date "2004.10.11"]
[Round "5"]
[White "liger"]
[Black "Traho"]
[Result "0-1"]
[WhiteElo "1211"]
[BlackElo "1299"]
[TimeControl "2700+45"]

1. e4 e6 2. Nf3 d5 3. exd5 Qxd5 4. Nc3 Qd8 5. d4 Bb4 6. Bd2 Bd7 7. a3 Ba5 8. Bd3
Ne7 9. O-O O-O 10. Bxh7+ Kh8 11. Ng5 g6 12. Nxf7+ Rxf7 13. Bxg6 Nxg6 14. Qh5+
Rh7 15. Qxg6 Qg8 16. Qf6+ Qg7 17. Qxg7+ Kxg7 18. Rae1 Nc6 19. b4 Bb6 20. Nb5 a6
21. Nxc7 Bxc7 22. Bc3 Bxh2+ 23. Kh1 Be5+ 24. Kg1 Bxd4 25. Bxd4+ Nxd4 26. Re4
Nxc2 27. Rd1 Kf8 28. Rf4+ Ke7 29. Rc1 Nxa3 30. Rc7 Rc8 {White resigns} 0-1

[Event "Team 45 45 League T24"]
[Site "Internet Chess Club"]
[Date "2004.10.08"]
[Round "5"]
[White "Ernesto-R"]
[Black "Midwest-Rook"]
[Result "0-1"]
[WhiteElo "1140"]
[BlackElo "1212"]
[TimeControl "2700+45"]

1. e4 e5 2. Nf3 Nc6 3. Bc4 Bc5 4. O-O d6 5. c3 Bg4 6. d3 Nf6 7. Nbd2 h6 8. Qc2
O-O 9. b4 Bb6 10. a4 a5 11. b5 Ne7 12. d4 Ng6 13. h3 Bd7 14. dxe5 Nxe5 15. Nxe5
dxe5 16. Ba3 Re8 17. Qb3 Be6 18. Rfd1 Qc8 19. Bxe6 Qxe6 20. Re1 Rad8 21. Nc4 Rd3
22. Rab1 Ba7 23. Nxa5 Qxb3 24. Nxb3 Rxc3 25. Bb4 Rc2 26. a5 Bxf2+ 27. Kh2 Bxe1
28. Bxe1 Nxe4 29. a6 bxa6 30. bxa6 Ra2 31. Nd2 Nc5 32. Nc4 Nxa6 33. Bg3 f6 34.
Rb7 Rc8 35. Ra7 Ra4 36. Ne3 Nc5 37. Rxa4 Nxa4 38. Nf5 Re8 39. Nxh6+ gxh6 40. Bh4
f5 41. g3 c5 42. Kg2 c4 43. Kf2 c3 44. Ke2 c2 45. Kd2 Rc8 46. Ke3 c1=Q+ 47. Kf3
Rc3+ {White resigns} 0-1

[Event "Team 45 45 League T24"]
[Site "Internet Chess Club"]
[Date "2004.10.10"]
[Round "5"]
[White "cazj"]
[Black "Tom45"]
[Result "1-0"]
[WhiteElo "1200"]
[BlackElo "1144"]
[TimeControl "2700+45"]

1. e4 e5 2. Nf3 Nc6 3. Bc4 Nf6 4. d3 Bc5 5. O-O h6 6. c3 O-O 7. d4 d5 8. exd5
Na5 9. Nxe5 Nxc4 10. Nxc4 Bg4 11. f3 Qxd5 12. Ne3 Qd7 13. Nxg4 Nxg4 14. dxc5
Qxd1 15. Rxd1 Ne5 16. Bf4 Rfe8 17. Na3 c6 18. Rd4 g5 19. Bxe5 Rxe5 20. Rd7 Rb8
21. b4 Re3 22. Rc1 Kg7 23. b5 Re5 24. bxc6 bxc6 25. Rxa7 Rxc5 26. Nb1 Rd8 27. c4
Re5 28. a4 Rde8 29. Nc3 Kg6 30. a5 Rc5 31. Ne4 Rce5 32. a6 f5 33. Nd6 Re1+ 34.
Rxe1 Rxe1+ 35. Kf2 Rd1 36. Ne8 Rd2+ 37. Kf1 f4 38. g4 fxg3 39. hxg3 Rd1+ 40. Ke2
Rd6 41. Nxd6 {Black resigns} 1-0

[Event "Team 45 45 League T24"]
[Site "Internet Chess Club"]
[Date "2004.10.11"]
[Round "5"]
[White "BosqueVerde"]
[Black "Blake7"]
[Result "0-1"]
[WhiteElo "1222"]
[BlackElo "1489"]
[TimeControl "2700+45"]

1. e4 e5 2. Nf3 Nc6 3. Nc3 Nf6 4. Bc4 Be7 5. d3 O-O 6. Bd2 d6 7. h3 a6 8. a4 Bd7
9. Nd5 Nxd5 10. Bxd5 Kh8 11. O-O f5 12. Bxc6 Bxc6 13. exf5 Rxf5 14. Re1 Rf8 15.
c4 b5 16. axb5 axb5 17. cxb5 Bxb5 18. d4 exd4 19. Nxd4 Bd7 20. Rxa8 Qxa8 21.
Rxe7 Qd8 22. Ne6 Qxe7 23. Nxc7 Qf6 24. Be3 Rc8 25. Bd4 Qg6 26. Qf3 h6 27. Nd5
Re8 28. Nf4 Qg5 29. Nh5 Rg8 30. h4 Qg6 31. Nf6 gxf6 32. Bxf6+ Kh7 33. g3 Rf8 34.
Qb7 Rf7 35. Bd4 Qg4 36. Bc3 Qd1+ 37. Kh2 Rxf2+ 38. Qg2 Rxg2+ 39. Kxg2 Qe2+ 40.
Kg1 Bc6 41. b4 Qg2# {White checkmated} 0-1

[Event "Team 45 45 League T24"]
[Site "Internet Chess Club"]
[Date "2004.10.12"]
[Round "5"]
[White "tekdeth"]
[Black "bubbarook"]
[Result "0-1"]
[WhiteElo "1292"]
[BlackElo "1306"]
[TimeControl "2700+45"]

1. e4 c6 2. d4 d5 3. exd5 cxd5 4. Nc3 Nf6 5. Nf3 Bf5 6. Bd3 Bxd3 7. Qxd3 e6 8.
O-O Be7 9. Re1 a6 10. Re2 Nc6 11. a3 Qc7 12. Bd2 Rc8 13. Rae1 O-O 14. Bg5 Nh5
15. Bxe7 Qxe7 16. Nxd5 Qd8 17. Nc3 Nf4 18. Qe3 Nxe2+ 19. Nxe2 Ne7 20. Ng3 Rxc2
21. Qe4 Rxb2 22. Ng5 Ng6 23. Nh5 Qxg5 24. g4 Qh4 25. Rf1 Rc8 26. d5 Rc1 27. Qd4
Rxf1+ 28. Kxf1 Qh3+ 29. Ke1 Rb1+ 30. Kd2 e5 31. Qa7 Rb2+ 32. Ke1 Qc3+ 33. Kf1
Rb1+ 34. Kg2 Nh4# {White checkmated} 0-1

[Event "Team 45 45 League T24"]
[Site "Internet Chess Club"]
[Date "2004.10.11"]
[Round "5"]
[White "Prop"]
[Black "WFrankD"]
[Result "0-1"]
[WhiteElo "1257"]
[BlackElo "1258"]
[TimeControl "2700+45"]

1. e4 c5 2. Nf3 d6 3. Bc4 e6 4. d4 cxd4 5. Qxd4 Nc6 6. Qd3 a6 7. a4 Bd7 8. Bd2
Qb6 9. b3 Be7 10. O-O Nf6 11. a5 Qc7 12. Re1 O-O 13. Bc3 e5 14. b4 Nh5 15. Bd2
Nf6 16. Qb3 Nd4 17. Nxd4 exd4 18. c3 dxc3 19. Bxc3 Bb5 20. Bxb5 axb5 21. e5 dxe5
22. Bxe5 Qc4 23. Qxc4 bxc4 24. b5 Bb4 25. Rd1 Rxa5 26. Rxa5 Bxa5 27. Rc1 Rc8 28.
Bc3 Bxc3 29. Rxc3 Nd5 30. Ra3 b6 31. Nc3 Nxc3 32. Rxc3 f6 33. g4 Kf7 34. f4 Ke6
35. h4 Kd5 36. Kf2 Rc5 37. Ke3 Rxb5 38. Rc1 Rb3+ 39. Kd2 Ke4 40. Rxc4+ Kf3 41.
f5 b5 42. Rc7 Kxg4 43. Rxg7+ Kxf5 44. Rxh7 Kg6 45. Rh8 Rb4 46. h5+ Kg7 47. Rb8
Rh4 48. Rxb5 Kh6 49. Rb6 Kg5 50. Rb5+ f5 51. h6 Rxh6 52. Rxf5+ Kxf5 53. Kc3 Re6
54. Kd4 Re4+ 55. Kd5 Kf4 56. Kd6 Ke3 57. Kd5 Kd3 58. Kd6 Kd4 59. Kd7 Kd5 {White
resigns} 0-1

[Event "Team 45 45 League T24"]
[Site "Internet Chess Club"]
[Date "2004.10.08"]
[Round "5"]
[White "Rojo"]
[Black "jerry813"]
[Result "1-0"]
[WhiteElo "1188"]
[BlackElo "1166"]
[TimeControl "2700+45"]

1. e4 d6 2. d4 Nf6 3. Nc3 a6 4. Nf3 Nc6 5. Bc4 Bg4 6. Be2 e5 7. d5 Ne7 8. Ng5
Bxe2 9. Qxe2 h6 10. Nf3 Qd7 11. O-O c6 12. Rd1 g5 13. h3 g4 14. hxg4 Qxg4 15.
Nh2 Qg6 16. Qf3 h5 17. Qg3 h4 18. Qxg6 Nxg6 19. Bg5 Nh5 20. Nf3 f6 21. Bxh4 Nxh4
22. Nxh4 Nf4 23. Nf3 Rg8 24. g3 O-O-O 25. Kf1 Nh3 26. Ke2 Ng5 27. Nxg5 Rxg5 28.
Rh1 Be7 29. Rh7 Kd7 30. Rah1 f5 31. Rh8 fxe4 32. Nxe4 Rgg8 33. R8h7 Ke8 34. c4
cxd5 35. cxd5 Rc8 36. Rh8 Rc2+ 37. Kd3 Rxb2 38. Rxg8+ Kf7 39. Rb8 b5 40. Rb7
Rxa2 41. Nxd6+ Kf8 42. Nf5 Ra3+ 43. Ke4 Ra4+ 44. Kf3 Ra3+ 45. Kg2 b4 46. d6 Bxd6
47. Rh8# {Black checkmated} 1-0

[Event "Team 45 45 League T24"]
[Site "Internet Chess Club"]
[Date "2004.10.11"]
[Round "5"]
[White "PatrookMcKnight"]
[Black "jericho121"]
[Result "1-0"]
[WhiteElo "1627"]
[BlackElo "1531"]
[TimeControl "2700+45"]

1. e4 c5 2. Nf3 Nc6 3. Bb5 d6 4. O-O Bd7 5. Re1 e6 6. d4 cxd4 7. Nxd4 a6 8. Nxc6
Bxc6 9. Bxc6+ bxc6 10. c4 Nf6 11. Nc3 Be7 12. Bf4 O-O 13. e5 Ne8 14. Qh5 d5 15.
Re3 g6 16. Qh6 Ng7 17. Rh3 Nh5 18. g4 Re8 19. gxh5 Bf8 20. Qg5 Qxg5+ 21. Bxg5 h6
22. Bf6 Kh7 23. hxg6+ fxg6 24. cxd5 cxd5 25. Rd1 Rab8 26. b3 Rbc8 27. Rd4 Rc6
28. Rb4 Rec8 29. Rb7+ R6c7 30. Rxc7+ Rxc7 31. Ne2 Rc2 32. Nd4 Bc5 33. Nxc2
{Black resigns} 1-0